 Dungeon Crawl Stone Soup version 0.21-a0-509-gecc5317 (webtiles) character file.

259 Roak the Stinger (level 6, 0/39 HPs)
             Began as an Octopode Venom Mage on Nov 29, 2017.
             Killed from afar by an electric eel (12 damage)
             ... with a bolt of electricity
             ... on level 3 of the Dungeon.
             The game lasted 00:18:42 (2767 turns).

Roak the Stinger (Octopode Venom Mage)              Turns: 2767, Time: 00:18:42

Health: 0/39       AC:  1    Str:  7    XL:     6   Next: 17%
Magic:  10/10      EV: 14    Int: 20    God:
Gold:   52         SH:  0    Dex: 12    Spells: 5/11 levels left

rFire    . . .     SeeInvis .   a - +0 dagger
rCold    + . .     Gourm    .   (no shield)
rNeg     . . .     Faith    +   (helmet restricted)
rPois    .         Spirit   .   x - amulet of faith
rElec    .         Reflect  .   s - ring of protection from cold
rCorr    .         Harm     .   (no ring)
MR       .....                  (no ring)
Stlth    +++.......             (no ring)
HPRegen  0.13/turn              (no ring)
MPRegen  0.12/turn              (no ring)
                                (no ring)
                                (no ring)

@: no status effects
A: almost no armour, stealthy swim, amphibious, 8 rings, constrict 8, camouflage
1, gelatinous body 1
a: no special abilities


You were on level 3 of the Dungeon.
You were not hungry.

You visited 1 branch of the dungeon, and saw 3 of its levels.

You collected 52 gold pieces.

Inventory:

Hand Weapons
 a - a +0 dagger (weapon)
 h - a +0 club
Missiles
 d - 38 sling bullets
 p - 116 stones
 D - 4 tomahawks (quivered)
Magical Staves
 w - an uncursed staff of cold
Jewellery
 j - an uncursed ring of fire {unknown}
 m - an uncursed amulet of regeneration
 s - a ring of protection from cold (left tentacle)
 x - an amulet of faith (around mantle)
Wands
 E - a wand of flame (22)
Scrolls
 c - 6 scrolls of remove curse {unknown}
 f - 7 scrolls of identify {unknown}
 k - a scroll of teleportation {unknown}
 o - a scroll of random uselessness {unknown}
 q - a scroll of immolation {unknown}
 t - a scroll of fear {unknown}
 y - a scroll of enchant weapon {unknown}
 z - a scroll of amnesia {unknown}
Potions
 e - 2 potions of lignification {unknown}
 g - a potion of heal wounds {unknown}
 n - 2 potions of degeneration {unknown}
 r - 2 potions of curing {unknown}
 u - a potion of might {unknown}
 v - a potion of cancellation {unknown}
 A - a potion of haste {unknown}
 B - a potion of flight {unknown}
Books
 l - a Young Poisoner's Handbook

   Spells                             Type                      Level
   a - Sting                          Conjuration/Poison           1
   b - Poisonous Vapours              Poison/Air                   2
   c - Mephitic Cloud                 Conjuration/Poison/Air       3
   d - Olgreb's Toxic Radiance        Poison                       4
   e - Venom Bolt                     Conjuration/Poison           5
Comestibles
 b - 2 bread rations
 i - a royal jelly


   Skills:
 + Level 2.2 Fighting
 + Level 3.2 Dodging
 - Level 2.6 Stealth
 + Level 3.0 Spellcasting
 + Level 2.4 Conjurations
 + Level 1.5 Air Magic
 + Level 4.6 Poison Magic


You had 5 spell levels left.
You knew the following spells:

 Your Spells              Type           Power        Failure   Level  Hunger
a - Sting                 Conj/Pois      ###.         3%          1    None
b - Poisonous Vapours     Pois/Air       ###...       6%          2    ##.....
c - Mephitic Cloud        Conj/Pois/Air  ##......     13%         3    ###....


Dungeon Overview and Level Annotations

Branches:
Dungeon (3/15)

Altars:
Dithmenos
Gozag
The Shining One

Annotations:
D:3 1 transporter


Innate Abilities, Weirdness & Mutations

You cannot wear most types of armour.
You are very stealthy in the water. (Stealth+)
You are amphibious.
You can wear up to eight rings at the same time.
You can use your tentacles to constrict eight enemies at once.
Your skin changes colour to match your surroundings (Stealth+).
Your rubbery body absorbs attacks. (AC +1, EV +1)


Message History

You have reached level 6!
Your experience leads to an increase in your attributes!
Increase (S)trength, (I)ntelligence, or (D)exterity?
You feel clever.
You start resting.
All of the chunks of flesh in your inventory have rotted away.
Magic restored.
You start resting.
HP restored.
As you open the door, it creaks loudly!
The electric eel shoots out a bolt of lightning at you!
The bolt of electricity hits you! x2
Sorry, you're not good enough to have a special ability.
Unknown command.
Casting: Poisonous Vapours
Confirm with . or Enter, or press ? or * to list all spells.
You can't see any susceptible monsters within range! (Use Z to cast anyway.)
The electric eel shoots out a bolt of lightning at you!
The bolt of electricity hits you! x2
You die...

#.....#.............#
#######.###.........####
#.# #.............
##.####..###.###...
####...###..# #.# #...
#....©....#.# #.# #...
#.#######.#.# #.# #...
#.#8.©.8#.#.###.# #...
#.#≈.@.P#.#..##.# #...
#.###'###.#..##.# #...
#.#;...≈#.#..##.# #...
#.#;...≈#.#...#.# #...
#.#≈...≈#.#.#.#.# #...
#.#≈.⌠.≈#.#.#..)# ####
#.#≈...≈#.#.##..#
#.#≈...≈#(#.##..#
#.#≈...≈#.#.###.#


You could see 2 electric eels.

Vanquished Creatures
  A scorpion (D:2)
  An electric eel (D:3)
  Terence (D:2)
  5 adders
  3 worms
  A dart slug (D:2)
  2 leopard geckos (D:3)
  6 orcs (D:3)
  2 ball pythons (D:1)
  2 giant cockroaches (D:2)
  11 goblins
  4 hobgoblins (D:2)
  14 jackals
  11 bats
  4 frilled lizards
  5 kobolds
  A leopard gecko skeleton (D:3)
  4 rats
78 creatures vanquished.

Vanquished Creatures (others)
  A plant (D:3)
1 creature vanquished.

Grand Total: 79 creatures vanquished

Notes
Turn   | Place    | Note
-------+----------+-------------------------------------------
     0 | D:1      | Roak the Octopode Venom Mage began the quest for the Orb.
     0 | D:1      | Reached XP level 1. HP: 11/11 MP: 3/3
   507 | D:1      | Reached XP level 2. HP: 18/18 MP: 5/5
   511 | D:1      | Learned a level 2 spell: Poisonous Vapours
   913 | D:2      | Found an opulent altar of Gozag.
   940 | D:2      | Noticed Terence
   948 | D:2      | Reached XP level 3. HP: 17/22 MP: 3/6
   989 | D:2      | Reached skill level 1 in Fighting
   989 | D:2      | Reached skill level 4 in Poison Magic
  1016 | D:2      | Killed Terence
  1016 | D:2      | Reached XP level 4. HP: 28/28 MP: 0/7
  1198 | D:2      | Reached XP level 5. HP: 33/33 MP: 4/8
  1277 | D:2      | Found a shadowy altar of Dithmenos.
  1436 | D:2      | Reached skill level 1 in Air Magic
  1582 | D:2      | Found a glowing golden altar of the Shining One.
  1890 | D:3      | Learned a level 3 spell: Mephitic Cloud
  2397 | D:3      | Found a transporter.
  2621 | D:3      | Found a transporter.
  2667 | D:3      | Reached XP level 6. HP: 26/39 MP: 7/10
  2767 | D:3      | Killed from afar by an electric eel

Vault maps used:
D:1:      scummos_arrival_forest
D:2:      tso_oasis_becter, overflow_temple_1_default,
          nicolae_dithmenos_through_a_glass_darkly, kennysheep_small_spiral,
          uniq_terence
D:3:      gammafunk_steamed_eel, first_bread, moated_statue, grunt_ministairs_10

Skill      XL: |  1  2  3  4  5 |
---------------+----------------+-----
Fighting       | 1 2 |  2.2
Poison Magic   | 4 |  4.6
Conjurations   | 2 |  2.4
Air Magic      | 1 |  1.5
Dodging        | 3 |  3.2
Spellcasting   | 3 |  3.0
Stealth        | |  2.6

Action                   |  1- 3 |  4- 6 || total
-------------------------+-------+-------++-------
Melee: Unarmed           |     4 |       ||     4
       Constrict         |     6 |    31 ||    37
       Club              |     3 |       ||     3
       Tentacles         |     3 |    15 ||    18
       Dagger            |    18 |   103 ||   121
Throw: Stone             |       |    43 ||    43
 Cast: Sting             |     5 |     6 ||    11
       Poisonous Vapours |     5 |    37 ||    42
Evoke: Wand              |       |     1 ||     1
 Stab: Sleeping          |     9 |     6 ||    15
  Eat: Chunk             |     1 |     7 ||     8
Armor: Skin              |     2 |     8 ||    10
Dodge: Dodged            |    21 |    63 ||    84

Table legend:
 A = Spawn XP
 B = Non-spawn XP
 C = Spawn XP percentage of total XP
 D = Spawn monster count
 E = Non-spawn monster count
 F = Spawn count percentage of total count
 G = Total turns spent on level
                    A         B        C        D         E        F      G
               +---------+---------+-------+---------+---------+-------+---------
         Total |       0 |     370 |   0.0 |       0 |      78 |   0.0 |  2767
               +---------+---------+-------+---------+---------+-------+---------
           D:1 |       0 |      20 |   0.0 |       0 |      13 |   0.0 |   925
           D:2 |       0 |     201 |   0.0 |       0 |      38 |   0.0 |   925
           D:3 |       0 |     149 |   0.0 |       0 |      27 |   0.0 |   917
               +---------+---------+-------+---------+---------+-------+---------
